3R
GERMANTOWN URUGUAYANS @ ATHLETIC CLUB KC U-21
09/02/2039
 
TOP OF THE 1ST
Germantown Uruguayans batting - Pitching for Athletic Club KC U-21 : RHP Yun-tae Yi
Pitching: RHP Yun-tae Yi
Batting: RHB Will Gamble 0-0: Called Strike
0-1: Foul Ball, location: 2F
0-2: Ball
1-2: Foul Ball, location: 2F
1-2: Foul Ball, location: 2F
1-2: Ball
2-2: Strikes out swinging
Batting: RHB Pancho Hernández 0-0: Swinging Strike
0-1: Ball
1-1: Ball
2-1: Ball
3-1: Foul Ball, location: 2F
3-2: Strikes out swinging
Batting: LHB Vicente Torres 0-0: Called Strike
0-1: Called Strike
0-2: Strikes out swinging
Top of the 1st over - 0 runs, 0 hits, 0 errors, 0 left on base; Germantown 0 - Athletic Club KC 0
BOTTOM OF THE 1ST
Athletic Club KC U-21 batting - Pitching for Germantown Uruguayans : RHP Britt Casey
Pitching: RHP Britt Casey
Batting: SHB Joe Huff 0-0: Ball
1-0: SINGLE (Groundball, 6, EV 102.5 MPH) (infield hit)
Batting: LHB Carl Zimerman 0-0: Ball
1-0: Ball
2-0: Foul Ball, location: 2F
2-1: Ball
3-1: Foul Ball, location: 2F
3-2: SINGLE (Line Drive, 78M, EV 91.9 MPH)
Joe Huff to second
Batting: RHB Tim Hendricks 0-0: Called Strike
0-1: Ball
1-1: Fielders Choice at 2nd, 6-4 (Groundball, 6, EV 85.0 MPH)
Joe Huff to third
Batting: RHB Domingo Magana 0-0: Ball
1-0: Fielders Choice at 2nd, 1-6 (Groundball, 34S, EV 81.9 MPH)
Batting: LHB Yee Ci 0-0: Swinging Strike
0-1: SINGLE (Groundball, 6MD, EV 97.5 MPH)
Joe Huff scores
Domingo Magana to second
Batting: RHB Neal Lewis 0-0: Ball
1-0: Foul Ball, location: 2F
1-1: Swinging Strike
1-2: Strikes out swinging
Bottom of the 1st over - 1 run, 3 hits, 0 errors, 2 left on base; Germantown 0 - Athletic Club KC 1
TOP OF THE 2ND
Germantown Uruguayans batting - Pitching for Athletic Club KC U-21 : RHP Yun-tae Yi
Batting: RHB Dana O'Quinlevan 0-0: Foul Ball, location: 2F
0-1: Swinging Strike
0-2: Strikes out swinging
Batting: LHB Mhelter Narcida 0-0: Ball
1-0: Ground out 6-3 (Groundball, 6, EV 81.2 MPH)
Batting: RHB D'Artagnan Rasberry 0-0: Called Strike
0-1: Fly out, F8 (Flyball, 8LS, EV 76.9 MPH)
Top of the 2nd over - 0 runs, 0 hits, 0 errors, 0 left on base; Germantown 0 - Athletic Club KC 1
BOTTOM OF THE 2ND
Athletic Club KC U-21 batting - Pitching for Germantown Uruguayans : RHP Britt Casey
Batting: SHB Francisco Rojas 0-0: Ball
1-0: Hit by Pitch
Batting: LHB Octávio Castaneda 0-0: Ball
1-0: Ball
2-0: Ball
3-0: Called Strike
3-1: Fly out, F7 (Flyball, 7S, EV 91.9 MPH)
Batting: LHB Archie Hillson 0-0: Ball
1-0: Ball
2-0: Fielders Choice at 2nd, 4-6 (Groundball, 34, EV 98.8 MPH)
Batting: SHB Joe Huff 0-0: Called Strike
Archie Hillson steals 2nd, throwing error, E2
Archie Hillson to third
0-1: Called Strike
0-2: Ball
1-2: Ball
2-2: Strikes out looking
Bottom of the 2nd over - 0 runs, 0 hits, 1 error, 1 left on base; Germantown 0 - Athletic Club KC 1
TOP OF THE 3RD
Germantown Uruguayans batting - Pitching for Athletic Club KC U-21 : RHP Yun-tae Yi
Batting: LHB Steve Hodge 0-0: Called Strike
0-1: Swinging Strike
0-2: Strikes out looking
Batting: RHB Pepe Rodríguez 0-0: Called Strike
0-1: Ball
1-1: Ball
2-1: Ball
3-1: Swinging Strike
3-2: Foul Ball, location: 2F
3-2: Fly out, F9 (Flyball, 9, EV 83.8 MPH)
Batting: RHB Harley Lambert 0-0: Swinging Strike
0-1: Swinging Strike
0-2: Foul Ball, location: 2F
0-2: Strikes out swinging
Top of the 3rd over - 0 runs, 0 hits, 0 errors, 0 left on base; Germantown 0 - Athletic Club KC 1
BOTTOM OF THE 3RD
Athletic Club KC U-21 batting - Pitching for Germantown Uruguayans : RHP Britt Casey
Batting: LHB Carl Zimerman 0-0: Fly out, F8 (Flyball, 8RM, EV 87.5 MPH)
Batting: RHB Tim Hendricks 0-0: Called Strike
0-1: Ball
1-1: Fly out, F8 (Flyball, 8LD, EV 89.4 MPH)
Batting: RHB Domingo Magana 0-0: Ball
1-0: Swinging Strike
1-1: SOLO HOME RUN (Line Drive, 78XD, EV 102.5 MPH), Distance : 404 ft
Batting: LHB Yee Ci 0-0: Ball
1-0: Called Strike
1-1: Ball
2-1: Foul Ball, location: 2F
2-2: Foul Ball, location: 2F
2-2: Strikes out swinging
Bottom of the 3rd over - 1 run, 1 hit, 0 errors, 0 left on base; Germantown 0 - Athletic Club KC 2
TOP OF THE 4TH
Germantown Uruguayans batting - Pitching for Athletic Club KC U-21 : RHP Yun-tae Yi
Batting: RHB Will Gamble 0-0: Ball
1-0: Foul Ball, location: 2F
1-1: Foul Ball, location: 2F
1-2: Ball
2-2: Ball
3-2: Base on Balls
Batting: RHB Pancho Hernández 0-0: Called Strike
0-1: Ball
1-1: Ball
2-1: Foul Ball, location: 2F
2-2: Foul Ball, location: 2F
2-2: Foul Ball, location: 2F
2-2: Fielders Choice at 2nd, 6-4 (Groundball, 6, EV 88.8 MPH)
Batting: LHB Vicente Torres 0-0: Called Strike
0-1: Foul Ball, location: 2F
0-2: SINGLE (Line Drive, 34D, EV 98.1 MPH)
Pancho Hernández to second
Runner from 2nd tries for 3rd, SAFE, no throw by RF
Batting: RHB Dana O'Quinlevan 0-0: Swinging Strike
0-1: Foul Ball, location: 2F
0-2: Ball
1-2: Ball
2-2: Ball
3-2: DOUBLE (Line Drive, 9LS, EV 100.6 MPH)
Pancho Hernández scores
Vicente Torres to third
Batting: LHB Mhelter Narcida 0-0: Ball
1-0: Ball
2-0: SINGLE (Line Drive, 4M, EV 98.1 MPH)
Vicente Torres scores
Dana O'Quinlevan to third
Batting: RHB D'Artagnan Rasberry 0-0: Swinging Strike
0-1: Called Strike
0-2: Ball
1-2: Ball
2-2: Strikes out swinging
Batting: LHB Steve Hodge 0-0: Called Strike
0-1: Called Strike
0-2: Strikes out swinging
Top of the 4th over - 2 runs, 3 hits, 0 errors, 2 left on base; Germantown 2 - Athletic Club KC 2
BOTTOM OF THE 4TH
Athletic Club KC U-21 batting - Pitching for Germantown Uruguayans : RHP Britt Casey
Batting: RHB Neal Lewis 0-0: Ball
1-0: SOLO HOME RUN (Flyball, 7D, EV 106.2 MPH), Distance : 379 ft
Batting: SHB Francisco Rojas 0-0: Ball
1-0: Reached on error, E7 (Flyball, 78D, EV 91.9 MPH)
Batting: LHB Octávio Castaneda 0-0: Called Strike
0-1: Ball
1-1: Foul Ball, location: 2F
1-2: Ground out 3-1 (Groundball, 34, EV 81.2 MPH)
Francisco Rojas to third
Batting: LHB Archie Hillson 0-0: SINGLE (Groundball, 4, EV 84.4 MPH) (infield hit)
Francisco Rojas scores
Batting: SHB Joe Huff 0-0: Ball
Archie Hillson is caught stealing 2nd base 2-6
1-0: Fly out, F4 (Popup, 4M, EV 71.2 MPH)
Bottom of the 4th over - 2 runs, 2 hits, 1 error, 0 left on base; Germantown 2 - Athletic Club KC 4
TOP OF THE 5TH
Germantown Uruguayans batting - Pitching for Athletic Club KC U-21 : RHP Yun-tae Yi
Batting: RHB Pepe Rodríguez 0-0: Ground out 1-3 (Groundball, P, EV 67.5 MPH)
Batting: RHB Harley Lambert 0-0: SINGLE (Line Drive, 8RS, EV 108.8 MPH)
Batting: RHB Will Gamble 0-0: Fly out, F7 (Flyball, 7S, EV 87.5 MPH)
Batting: RHB Pancho Hernández 0-0: Ball
1-0: Foul Ball, location: 2F
1-1: Ball
2-1: SINGLE (Line Drive, 56D, EV 97.5 MPH)
Harley Lambert to second
Batting: LHB Vicente Torres 0-0: Ball
1-0: SINGLE (Line Drive, 9S, EV 104.4 MPH)
Harley Lambert to third
Pancho Hernández to second
Runner from 3rd tries for Home, throw by RF and OUT! 9-2
Top of the 5th over - 0 runs, 3 hits, 0 errors, 2 left on base; Germantown 2 - Athletic Club KC 4
BOTTOM OF THE 5TH
Athletic Club KC U-21 batting - Pitching for Germantown Uruguayans : RHP Britt Casey
Batting: LHB Carl Zimerman 0-0: Ground out 5-3 (Groundball, 5S, EV 81.2 MPH)
Batting: RHB Tim Hendricks 0-0: Ball
1-0: Ball
2-0: SINGLE (Flyball, 8LS, EV 93.1 MPH)
Batting: RHB Domingo Magana 0-0: Called Strike
0-1: Ball
1-1: Called Strike
1-2: Strikes out swinging
Batting: LHB Yee Ci 0-0: SINGLE (Groundball, 3, EV 89.4 MPH) (infield hit)
Tim Hendricks to second
Batting: RHB Neal Lewis 0-0: Ball
1-0: Called Strike
1-1: Fielders Choice at 2nd, 6-4 (Groundball, 6, EV 88.8 MPH)
Bottom of the 5th over - 0 runs, 2 hits, 0 errors, 2 left on base; Germantown 2 - Athletic Club KC 4
TOP OF THE 6TH
Germantown Uruguayans batting - Pitching for Athletic Club KC U-21 : RHP Yun-tae Yi
Batting: RHB Dana O'Quinlevan 0-0: Ball
1-0: Foul Ball, location: 2F
1-1: Ball
2-1: Foul Ball, location: 2F
2-2: Foul Ball, location: 2F
2-2: Foul Ball, location: 2F
2-2: Ball
3-2: Hit by Pitch
Batting: LHB Mhelter Narcida 0-0: Swinging Strike
0-1: DOUBLE (Line Drive, 9LD, EV 105.0 MPH)
Dana O'Quinlevan to third
Batting: RHB D'Artagnan Rasberry 0-0: Ball
1-0: Ball
2-0: Ball
3-0: Called Strike
3-1: Base on Balls
Pitching: LHP Keiran Dalley
Batting: LHB Steve Hodge 0-0: Ball
1-0: Swinging Strike
1-1: Fly out, F9 (Flyball, 9S, EV 90.6 MPH)
Batting: RHB Pepe Rodríguez 0-0: Ball
1-0: Ball
2-0: SINGLE (Flyball, 89S, EV 86.9 MPH)
Dana O'Quinlevan scores
Mhelter Narcida to third
D'Artagnan Rasberry to second
Runner from 3rd tries for Home, SAFE, no throw by RF
Batting: RHB Harley Lambert 0-0: Ball
1-0: Fly out, F9 (Flyball, 9LSF, EV 91.2 MPH)
Batting: RHB Will Gamble 0-0: Foul Ball, location: 2F
0-1: Ball
1-1: Ball
2-1: Foul Ball, location: 2F
2-2: Strikes out swinging
Top of the 6th over - 2 runs, 2 hits, 0 errors, 2 left on base; Germantown 4 - Athletic Club KC 4
BOTTOM OF THE 6TH
Athletic Club KC U-21 batting - Pitching for Germantown Uruguayans : RHP Britt Casey
Batting: SHB Francisco Rojas 0-0: Ground out 6-3 (Groundball, 6, EV 80.6 MPH)
Batting: LHB Octávio Castaneda 0-0: Called Strike
0-1: Ball
1-1: Ball
2-1: Ball
3-1: Swinging Strike
3-2: Foul Ball, location: 2F
3-2: SINGLE (Flyball, 7LS, EV 95.6 MPH)
Batting: LHB Archie Hillson 0-0: Ball
Wild Pitch!
Octávio Castaneda to second
1-0: Called Strike
1-1: Foul Ball, location: 2F
1-2: Ball
2-2: Ball
3-2: Ground out U3 (Groundball, 34S, EV 63.8 MPH)
Octávio Castaneda to third
Pitching: RHP Les Guldenmond
Batting: SHB Joe Huff 0-0: Called Strike
0-1: Fly out, F2 (Popup, 2RF, EV 87.5 MPH)
Bottom of the 6th over - 0 runs, 1 hit, 0 errors, 1 left on base; Germantown 4 - Athletic Club KC 4
TOP OF THE 7TH
Germantown Uruguayans batting - Pitching for Athletic Club KC U-21 : LHP Keiran Dalley
Batting: RHB Pancho Hernández 0-0: Swinging Strike
0-1: Ball
1-1: Foul Ball, location: 2F
1-2: Ball
2-2: Foul Ball, location: 2F
2-2: Fly out, F9 (Flyball, 9S, EV 95.6 MPH)
Batting: LHB Vicente Torres 0-0: Foul Ball, location: 2F
0-1: Called Strike
0-2: DOUBLE (Line Drive, 8RXD, EV 113.8 MPH)
Batting: RHB Dana O'Quinlevan 0-0: Intentional Walk
Batting: LHB Mhelter Narcida 0-0: Called Strike
0-1: Foul Ball, location: 2F
0-2: Strikes out swinging
Batting: RHB D'Artagnan Rasberry 0-0: Ball
1-0: Fly out, F8 (Flyball, 89S, EV 80.0 MPH)
Top of the 7th over - 0 runs, 1 hit, 0 errors, 2 left on base; Germantown 4 - Athletic Club KC 4
BOTTOM OF THE 7TH
Athletic Club KC U-21 batting - Pitching for Germantown Uruguayans : RHP Les Guldenmond
Batting: LHB Carl Zimerman 0-0: Called Strike
0-1: Reached on error, E5 (Groundball, 5, EV 76.9 MPH)
Batting: RHB Tim Hendricks 0-0: Foul Ball, location: 2F
0-1: Ball
1-1: Ball
2-1: Foul Ball, location: 2F
2-2: Fielders Choice at 2nd, 3-6 (Groundball, 3S, EV 85.6 MPH)
Batting: RHB Domingo Magana 0-0: SINGLE (Groundball, 6MD, EV 93.8 MPH)
Tim Hendricks to second
Batting: LHB Yee Ci 0-0: Ball
1-0: Foul Ball, location: 2F
1-1: Ball
2-1: Ball
3-1: Foul Ball, location: 2F
3-2: Fielders Choice at 2nd, 4-6 (Groundball, 4, EV 76.2 MPH)
Tim Hendricks to third
Batting: RHB Neal Lewis 0-0: Called Strike
0-1: Foul Ball, location: 2F
0-2: Ball
1-2: Foul Ball, location: 2F
1-2: Fly out, F6 (Line Drive, 6, EV 64.4 MPH)
Bottom of the 7th over - 0 runs, 1 hit, 1 error, 2 left on base; Germantown 4 - Athletic Club KC 4
TOP OF THE 8TH
Germantown Uruguayans batting - Pitching for Athletic Club KC U-21 : LHP Keiran Dalley
Batting: LHB Steve Hodge 0-0: Called Strike
0-1: Ball
1-1: Ball
2-1: Ball
3-1: Called Strike
3-2: Foul Ball, location: 2F
3-2: Strikes out swinging
Batting: RHB Pepe Rodríguez 0-0: Ball
1-0: Foul Ball, location: 2F
1-1: Ball
2-1: Ball
3-1: DOUBLE (Line Drive, 89M, EV 89.4 MPH)
Batting: RHB Harley Lambert 0-0: Intentional Walk
Batting: RHB Will Gamble 0-0: Ball
1-0: Ball
2-0: Called Strike
2-1: Ball
3-1: Foul Ball, location: 2F
3-2: Foul Ball, location: 2F
3-2: Foul Ball, location: 2F
3-2: Strikes out swinging
Batting: RHB Pancho Hernández 0-0: Ball
1-0: Foul Ball, location: 2F
1-1: Foul Ball, location: 2F
1-2: Strikes out looking
Top of the 8th over - 0 runs, 1 hit, 0 errors, 2 left on base; Germantown 4 - Athletic Club KC 4
BOTTOM OF THE 8TH
Athletic Club KC U-21 batting - Pitching for Germantown Uruguayans : RHP Les Guldenmond
Batting: SHB Francisco Rojas 0-0: Foul Ball, location: 2F
0-1: Ball
1-1: Foul Ball, location: 2F
1-2: Ball
2-2: SOLO HOME RUN (Line Drive, 9D, EV 106.9 MPH), Distance : 385 ft
Batting: LHB Octávio Castaneda 0-0: Ball
1-0: Foul Ball, location: 2F
1-1: Ball
2-1: Swinging Strike
2-2: Fly out, F7 (Flyball, 7S, EV 85.0 MPH)
Batting: LHB Archie Hillson 0-0: Foul Ball, location: 2F
0-1: Ground out 1-3 (Groundball, 13S, EV 68.8 MPH)
Batting: SHB Joe Huff 0-0: SINGLE (Flyball, 7LS, EV 93.8 MPH)
Batting: LHB Carl Zimerman 0-0: Ball
1-0: Called Strike
1-1: Ball
2-1: Swinging Strike
2-2: Ball
3-2: Strikes out looking
Bottom of the 8th over - 1 run, 2 hits, 0 errors, 1 left on base; Germantown 4 - Athletic Club KC 5
TOP OF THE 9TH
Germantown Uruguayans batting - Pitching for Athletic Club KC U-21 : LHP Keiran Dalley
Pitching: RHP Juan Andrés Saelices
Batting: LHB Vicente Torres 0-0: Ball
1-0: Ground out 1-3 (Groundball, 13S, EV 72.5 MPH)
Batting: RHB Dana O'Quinlevan 0-0: Ball
1-0: Ball
2-0: Ball
3-0: Called Strike
3-1: SINGLE (Groundball, 6MD, EV 98.8 MPH)
Batting: LHB Mhelter Narcida 0-0: Ball
1-0: SINGLE (Groundball, 6D, EV 101.2 MPH)
Dana O'Quinlevan to second
Pinch Runner at 2nd Bertrand Bonhomme:
Batting: RHB D'Artagnan Rasberry 0-0: Called Strike
0-1: Ball
1-1: Ball
2-1: Fielders Choice at 2nd, 5-4 (Groundball, 56, EV 100.6 MPH)
Bertrand Bonhomme to third
Pinch Hitting: LHB Adrian Beard 0-0: Ball
1-0: DOUBLE (Flyball, 8RXD, EV 95.0 MPH)
Bertrand Bonhomme scores
D'Artagnan Rasberry to third
Runner from 3rd tries for Home, SAFE, throw by CF to home
Batting: RHB Pepe Rodríguez 0-0: Called Strike
0-1: Ball
1-1: Swinging Strike
1-2: Strikes out looking
Top of the 9th over - 2 runs, 3 hits, 0 errors, 1 left on base; Germantown 6 - Athletic Club KC 5
BOTTOM OF THE 9TH
Athletic Club KC U-21 batting - Pitching for Germantown Uruguayans : RHP Les Guldenmond
Pitching: RHP Manuel Villanueva
Now at C: Estęvăo Reimonde
Now at 1B: Adrian Beard
Batting: RHB Tim Hendricks 0-0: Ground out 5-3 (Groundball, 5, EV 106.2 MPH)
Batting: RHB Domingo Magana 0-0: Ball
1-0: Ball
2-0: Foul Ball, location: 2F
2-1: Swinging Strike
2-2: Ball
3-2: Foul Ball, location: 2F
3-2: Strikes out looking
Batting: LHB Yee Ci 0-0: Called Strike
0-1: Called Strike
0-2: Ball
1-2: Fly out, F9 (Flyball, 9S, EV 85.0 MPH)
Bottom of the 9th over - 0 runs, 0 hits, 0 errors, 0 left on base; Germantown 6 - Athletic Club KC 5
Wednesday, July 8th, 2020 - OOTP Baseball 20.8 Build 74